 Dungeon Crawl Stone Soup version 0.14-a0-2443-g5aee772 (webtiles) character file.

301 Gorice the Covered (level 6, -4/42 HPs)
             Began as a Formicid Fighter on Feb 6, 2014.
             Was an Initiate of Okawaru.
             Slain by Ijyb the warg (5 damage)
             ... on Level 4 of the Dungeon.
             The game lasted 00:13:55 (2479 turns).

Gorice the Covered (Formicid Fighter)               Turns: 2479, Time: 00:13:55

HP  -4/42        AC 10     Str 21      XL: 6   Next: 23%
MP   6/6         EV  5     Int  7      God: Okawaru [......]
Gold 109         SH 18     Dex 12      Spells:  0 memorised,  5 levels left

rFire  . . .     SeeInvis +     a - +0,+1 falchion
rCold  . . .     Clarity  .     y - +0 chain mail
rNeg   . . .     Conserve .     c - +0 shield
rPois  .         rCorr    .     (helmet unavailable)
rElec  .         rRot     .     (no cloak)
SustAb . .       Spirit   .     (no gloves)
rMut   .         Warding  .     (no boots)
Gourm  +         Stasis   +     n - amulet of the gourmand
MR     .....                    (no ring)
                                e - ring of poison resistance

@: not resistant to hostile enchantments, extremely unstealthy
A: permanent stasis, dig shafts and tunnels, four strong arms, poison weakness,
antennae 3, exoskeleton 1
a: Dig, Shaft Self, Renounce Religion


You were on level 4 of the Dungeon.
You worshipped Okawaru.
Okawaru was noncommittal.
You were very full.

You visited 1 branch of the dungeon, and saw 4 of its levels.

You collected 109 gold pieces.

Inventory:

Hand weapons
 a - a +0,+1 falchion (weapon)
 b - a +0 blowgun
Missiles
 h - 11 arrows of frost
 j - 30 darts (quivered)
 l - 17 bolts
 m - 4 silver darts
 t - 47 arrows
 A - 10 poisoned needles
 Z - 20 stones
Armour
 c - a +0 shield (worn)
 y - a +0 chain mail (worn)
 z - a +0 scale mail
Magical devices
 f - a wand of draining (0)
 o - a wand of polymorph (6)
Comestibles
 d - 4 bread rations
 i - 2 meat rations
 q - 2 pears
 r - a banana
 s - an apple
 w - 6 grapes
Scrolls
 g - a scroll of remove curse {unknown}
 k - 3 scrolls of fog
 p - a scroll of enchant armour {unknown}
Jewellery
 e - a ring of poison resistance (left hand)
 n - an amulet of the gourmand (around neck)
Potions
 v - a potion of confusion


   Skills:
 - Level 3.0 Fighting
 * Level 4.9 Long Blades
 + Level 5.0 Armour
 - Level 3.0 Shields


You had 5 spell levels left.
You didn't know any spells.

Dungeon Overview and Level Annotations

Branches:
Dungeon (4/16)
 Temple: D:4-7

Altars:
Okawaru
Trog

Annotations:
D:4 Ijyb


Innate Abilities, Weirdness & Mutations

Your are under a permanent stasis effect.
You can dig through walls and to a lower floor.
Your four strong arms can wield any weapon, most with a shield.
You are susceptible to poison.
You have a pair of large antennae on your head (SInv).
Your body is surrounded by an exoskeleton. (AC +1)


Message History

a scroll labeled LARPHU TOFORYSHOI Drink which item? (? for menu, Esc to quit)
Okay, then.
f - a wand of draining {zapped: 1} Ijyb barely misses you.
Ijyb claws you but does no damage. Ijyb barely misses you.
Evoke which item? (* to show all) (? for menu, Esc to quit)
Zapping:
f - a wand of draining {zapped: 1}
Press: ? - help, Shift-Dir - straight line, f/p - Ijyb
Aim: Ijyb the warg (heavily wounded)
The bolt of negative energy misses Ijyb.
Ijyb bites you but does no damage. Ijyb claws you but does no damage.
You block Ijyb's attack.
Evoke which item? (* to show all) (? for menu, Esc to quit)
Zapping:
f - a wand of draining {zapped: 2}
Press: ? - help, Shift-Dir - straight line, f/p - Ijyb
Aim: Ijyb the warg (heavily wounded) Nothing appears to happen.
You block Ijyb's attack. You block Ijyb's attack.
Ijyb claws you but does no damage. Ijyb bites you.
You die...

#.######. #.######. .
#.#....#. #..##.#.##.#.
#..##.#<.#.#. ####
#..##.#..#.#. ..#
#..##.#..#.#. #.#
#..##.#..#.#. #######@#
#..##.####.#.
..#......h####..##......#.
................#########.
###.##....................
#.....####.########## {
#.....'..............
.......#.##.##########
.........#.#^......#
.......$#.##.####.#


You could see Ijyb the warg.

Vanquished Creatures
  A phantom (D:4)
  A hound (D:4)
  An adder (D:3)
  A worm (D:2)
  3 giant geckos
  4 orcs
  2 giant cockroaches (D:1)
  6 hobgoblins
  7 jackals
  A quokka (D:3)
  10 bats
  3 goblins
  6 kobolds
  4 rats
50 creatures vanquished.

Notes
Turn   | Place    | Note
--------------------------------------------------------------
     0 | D:1      | Gorice, the Formicid Fighter, began the quest for the Orb.
     0 | D:1      | Reached XP level 1. HP: 16/16 MP: 1/1
    96 | D:1      | Reached XP level 2. HP: 21/21 MP: 2/2
   323 | D:1      | Reached skill level 4 in Armour
   433 | D:1      | Reached XP level 3. HP: 22/26 MP: 3/3
  1511 | D:3      | Reached XP level 4. HP: 25/31 MP: 4/4
  1849 | D:3      | Found a bloodstained altar of Trog.
  1849 | D:3      | Found an iron altar of Okawaru.
  1867 | D:3      | Became a worshipper of Warmaster Okawaru
  2203 | D:4      | Reached XP level 5. HP: 30/36 MP: 5/5
  2235 | D:4      | Noticed a phantom
  2291 | D:4      | Killed a phantom
  2291 | D:4      | Reached skill level 5 in Armour
  2291 | D:4      | Reached XP level 6. HP: 10/42 MP: 6/6
  2459 | D:4      | Noticed Ijyb
  2460 | D:4      | Noticed Ijyb
  2460 | D:4      | Ijyb changed into Ijyb the warg
  2476 | D:4      | HP: 1/42 [Ijyb the warg (2)]
  2479 | D:4      | Slain by Ijyb the warg

Action                   |  1- 3 |  4- 6 || total
-------------------------+-------+-------++-------
Melee: Falchion          |   107 |   143 ||   250
 Fire: Blowgun           |       |     1 ||     1
Throw: Dart              |     9 |     5 ||    14
Evoke: Wand              |     1 |     2 ||     3
  Use: Scroll            |     5 |     2 ||     7
       Potion            |       |     3 ||     3
